Unix NetHack Version 5.0.0-0 post-release - last build May  4 2026 22:22:43 (774f63e81ad911689b3a0859ea89b322d5daca8d,branch:main).

Game began 2026-05-09 00:30:48, ended 2026-05-09 17:47:15.

Kewl, lawful female dwarven Valkyrie

   ----          ---
   |..|  ----  ---.---                                         -------
   |..|  |..|---.....----            ----                    ---.--..|
   |..|  |..||..........------       |..--                  --.......|
   |..-  |..||...   .....||>.|       |...|    ----    ---   |........--------
   |...--|..||... ......---..|      --(.-|   --..|   --.-----...----.....|..--
   |....||..||.....%.....|...---   --....|   |...|  --<..|.|...--  --........|
   |..|.--..--.........|........| --.....-----..--  |.......---     |........|
   |..|........--.....---..^....| |... ........--   |.^.....--     --........|
   |.---..-.------....| -------.| --..  .....---    ---......|   ---.........|
  --.| |....|    --..-|       |-----..---....--       |......-- --...........|
  -..| --.|.|    --...--  -----.o.............|       |.......| |............|
 |..--  --|.|    |.....----...e@---..----.....---     --......---........ ...|
 |..|     |.|    |-.........----- |...| |.......|      ---.....|..|..........|
 ----     |.|    |.....---------- --.-- |.......|        ---..-|.-|.........--
          |.|    |.. .....----..|  ---  |......--          -----.||.........|
          |.---  |.........|....--     --....|.---         --.)..||........--
         --...|  |...............|     |.....|...-----------..--- --.......|
         |....|  --.----...|.....|     |.....|--.............--    ----.|.-
         --..--   ---  |..---..---     ------- |...-----------        -----
          ----         ---- ----               -----
Kewl the Skirmisher         St:18/01 Dx:14 Co:14 In:10 Wi:9 Ch:10  Lawful
Dlvl:5  $:29 HP:0(38) Pw:6(6) AC:6  Xp:4 T:2219 

Latest messages:
 You kill the lichen!
 You see here a lichen corpse.
 There is a lichen corpse here; eat it? [ynq] (n) y
 This lichen corpse tastes okay.
 You finish eating the lichen corpse.
 You kill the gas spore!
 Boom!
 You are caught in the gas spore's explosion!
 You see here a milky potion.
 g - a milky potion.
 Pick a monster, object or location.
 What do you want to throw? [$bi or ?*] ?
 In what direction? 4
 The dwarvish spear named uncursed hits the rock mole!
 What do you want to throw? [$b or ?*] ?
 In what direction? 4
 The dagger misses the rock mole.
 The rock mole eats 19 arrows!
 The rock mole picks up an arrow.
 You miss the rock mole.
 You miss the rock mole.
 The rock mole bites!
 You miss the rock mole.
 You miss the rock mole.
 You miss the rock mole.
 You kill the rock mole!
 You see here 2 arrows.
 b - a +0 dagger (at the ready).
 i - a dwarvish spear named uncursed.
 You hit the floating eye!
 You are frozen by the floating eye's gaze!
 The goblin throws an orcish dagger!
 The orcish dagger hits the floating eye.
 The hill orc wields a scimitar!
 The hill orc swings his scimitar.
 The hill orc hits!
 The hill orc swings his scimitar.
 The hill orc hits!
 The hill orc swings his scimitar.
 The hill orc hits!
 The hill orc swings his scimitar.
 The hill orc hits!
 The hill orc swings his scimitar.
 The hill orc hits!
 You die...
 Do you want your possessions identified? [ynq] (y) y
 Do you want to see your attributes? [ynq] (y) y
 Do you want an account of creatures vanquished? [ynaq] (y) y
 Do you want to see your conduct and achievements? [ynq] (y) y
 Do you want to see the dungeon overview? [ynq] (y) y

Inventory:
 Coins    ('$')
  $ - 29 gold pieces
 Weapons  (')')
  b - a +0 dagger (at the ready)
  a - a +1 dwarvish spear (weapon in left hand)
  i - a +0 dwarvish spear named uncursed
 Armor    ('[')
  c - an uncursed +3 small shield (being worn)
  w - a cursed +0 cloak of displacement
 Comestibles  ('%')
  q - an uncursed slime mold
  d - 3 uncursed food rations
 Scrolls  ('?')
  r - an uncursed scroll of gold detection
  m - a cursed scroll of identify
  k - an uncursed scroll of remove curse
  y - an uncursed scroll of scare monster
 Spellbooks  ('+')
  p - an uncursed spellbook of restore ability
 Potions  ('!')
  e - an uncursed potion of booze
  j - an uncursed potion of extra healing
  n - an uncursed potion of levitation
  g - an uncursed potion of sleeping
  x - a cursed potion of speed
 Tools    ('(')
  h - an uncursed mirror
  v - an uncursed tin whistle
 Gems/Stones  ('*')
  z - an uncursed opal
  f - an uncursed worthless piece of yellowish brown glass

Kewl the Valkyrie's attributes:

Background:
 You were a Skirmisher, a level 4 dwarven Valkyrie.
 You were lawful, nominally on a mission for Tyr
 who was opposed by Odin (neutral) and Loki (chaotic).
 You were left-handed.
 You were in the Gnomish Mines, on level 5.
 You entered the dungeon 2219 turns ago.
 You had 132 experience points, 28 more were needed to attain level 5.

Basics:
 You had 0 out of 38 hit points.
 You had all 6 energy points (spell power).
 Your armor class was 6.
 Your wallet contained 29 zorkmids.
 Autopickup was off.

Final Characteristics:
 Your strength was 18/01 (limit:18/100).
 Your dexterity was 14 (limit:20).
 Your constitution was 14 (limit:20).
 Your intelligence was 10 (limit:16).
 Your wisdom was 9 (limit:16).
 Your charisma was 10 (limit:16).

Final Status:
 You weren't hungry.
 You were unencumbered.
 You were wielding a spear.
 You had basic skill with spear.

Final Attributes:
 You were piously aligned.
 You were cold resistant.
 You were telepathic.
 You had infravision.
 You were stealthy.
 You are dead.

Miscellaneous:
 You didn't encounter any bones levels.
 Total elapsed playing time was 29 minutes and 57 seconds.

Major events:
 Turn
    1: Kewl the lawful dwarven Valkyrie entered the dungeon
  973: attained the rank of Skirmisher (level 3)
 1591: entered the Gnomish Mines
 2219: killed by a hill orc, while frozen by a floating eye's gaze

You didn't know any spells.

Skills:
 Fighting Skills
   bare handed combat [Unskilled]
   two weapon combat  [Unskilled]
   riding             [Unskilled]
 Weapon Skills
   dagger             [Basic]
   axe                [Unskilled]
   pick-axe           [Unskilled]
   short sword        [Unskilled]
   broadsword         [Unskilled]
   long sword         [Unskilled]
   two-handed sword   [Unskilled]
   saber              [Unskilled]
   hammer             [Unskilled]
   quarterstaff       [Unskilled]
   polearms           [Unskilled]
   spear              [Basic]
   trident            [Unskilled]
   lance              [Unskilled]
   sling              [Unskilled]
 Spellcasting Skills
   attack spells      [Unskilled]
   escape spells      [Unskilled]

Voluntary challenges:
 Character rerolling was not enabled.
 You were an atheist.
 You were illiterate.
 You never genocided any monsters.
 You never polymorphed an object.
 You never changed form.
 You used no wishes.
Achievements:
 You attained the rank of Skirmisher.
 You entered a shop.
 You entered the Gnomish Mines.

 The Dungeons of Doom: levels 1 to 4
    Level 1:
       A fountain.
    Level 2:
    Level 3:
       A potion shop.
    Level 4:
       Some fountains.
       Stairs down to The Gnomish Mines.
 The Gnomish Mines:
    Level 5: <- You were here.
       Final resting place for
          you, killed by a hill orc, while frozen by a floating eye's gaze.


Vanquished creatures:
  a rock mole
  a floating eye
  a kitten
  a kobold shaman
  a wererat
  2 iguanas
  a coyote
  a gas spore
  a large kobold
  a brown mold
  a yellow mold
  a green mold
  a gnome
  a gnome zombie
  a gecko
  6 jackals
  a kobold
  2 goblins
  3 grid bugs
  4 lichens
  3 newts
35 creatures vanquished.

No species were genocided or became extinct.

Game over:
                       ----------
                      /          \
                     /    REST    \
                    /      IN      \
                   /     PEACE      \
                  /                  \
                  |       Kewl       |
                  |      29 Au       |
                  | killed by a hill |
                  |       orc        |
                  |                  |
                  |                  |
                  |       2026       |
                 *|     *  *  *      | *
        _________)/\\_//(\/(/\)/\//\/|_)_______

Farvel Kewl the Valkyrie...

You died in The Gnomish Mines on dungeon level 5 with 755 points,
and 29 pieces of gold, after 2219 moves.
You were level 4 with a maximum of 38 hit points when you died.

